 Dungeon Crawl Stone Soup version 0.19.0-11-g3fc08b3 (webtiles) character file.

38562 KrixSyzygy the Spear-Bearer (level 13, -4/202 HPs)
             Began as a Troll Berserker on Nov 7, 2016.
             Was a High Priest of Trog.
             Slain by a six-headed hydra (10 damage)
             ... on level 6 of the Lair of Beasts on Nov 10, 2016.
             The game lasted 04:10:01 (20278 turns).

KrixSyzygy the Spear-Bearer (Troll Berserker)      Turns: 20278, Time: 04:10:02

Health: -4/202     AC:  7    Str: 37    XL:     13   Next: 64%
Magic:  4/4        EV: 12    Int:  3    God:    Trog [*****.]
Gold:   1255       SH:  0    Dex:  9    Spells: 0 memorised, 12 levels left

rFire  x . .     SeeInvis +     D - +5 trident (antimagic)
rCold  + . .     Gourm    +     b - +1 animal skin
rNeg   . . .     Faith    .     (no shield)
rPois  .         Spirit   .     (helmet restricted)
rElec  .         Reflect  .     C - +0 cloak
rCorr  .         Harm     .     (gloves unavailable)
MR     .....                    (boots unavailable)
Stlth  ..........               (no amulet)
                                s - ring of ice
                                U - ring of see invisible

@: berserking, very slightly contaminated, hasted, very quick
A: unfitting armour, claws 3, fast metabolism 3, gourmand, regeneration 1,
shaggy fur 1, tough skin 2
a: Berserk, Trog's Hand, Brothers in Arms, Burn Spellbooks, Renounce Religion


You were on level 6 of the Lair of Beasts.
You worshipped Trog.
Trog was extremely pleased with you.
You were not hungry.

You visited 3 branches of the dungeon, and saw 17 of its levels.
You also visited: Ossuary and Ice Cave.

You collected 1363 gold pieces.
You spent 108 gold pieces at shops.

Inventory:

Hand Weapons
 a - a +2 antimagic executioner's axe
 D - a +5 antimagic trident (weapon)
 O - the +10 sword of Jihad {holy, *Rage rN+ EV+3}
   (You found it on level 8 of the Dungeon)

   It has been blessed by the Shining One to cause great damage to the undead
   and demons.
   It affects your evasion (+3).
   It protects you from negative energy.
   It may make you go berserk in combat.
 P - a +3 antimagic glaive
 Q - a +5 antimagic triple sword
Armour
 b - a +1 animal skin (worn)
 C - a +0 cloak (worn)
 M - a +0 cloak of invisibility
 Z - a +1 robe of cold resistance
Jewellery
 r - an uncursed ring of stealth
 s - a ring of ice (right claw)
 U - a ring of see invisible (left claw)
 V - an uncursed ring of protection from fire
Wands
 g - a wand of teleportation (5/9)
 i - a wand of digging (13/24)
 m - a wand of iceblast (7/15)
 q - a wand of lightning (8/15)
 w - a wand of flame (33/48)
 y - a wand of polymorph (11/24)
 L - a wand of acid (5/15)
 N - a wand of polymorph (9/24)
 S - a wand of iceblast (9/15)
Scrolls
 n - 4 scrolls of enchant weapon
 o - 4 scrolls of identify
 u - a scroll of remove curse
 E - 2 scrolls of fog
 J - 2 scrolls of recharging
 K - a scroll of fear
 R - a scroll of teleportation
 Y - a scroll of enchant armour
Potions
 e - 2 potions of flight
 f - a potion of cancellation
 k - a potion of ambrosia {unknown}
 l - 2 potions of cure mutation {unknown}
 p - 5 potions of brilliance
 t - a potion of might
 v - a potion of beneficial mutation {unknown}
 x - 2 potions of berserk rage {unknown}
 z - 3 potions of curing
 A - a potion of haste
 F - a potion of magic {unknown}
 G - a potion of lignification {unknown}
 H - a potion of invisibility {unknown}
 I - 2 potions of agility
Miscellaneous
 W - a phial of floods
Comestibles
 c - 9 bread rations
 d - 7 meat rations
 h - 6 beef jerkies
 j - 15 fruits
 B - 7 royal jellies


   Skills:
 * Level 10.5 Fighting
 - Level 8.1(11.7) Axes
 + Level 13.4(14.1) Polearms
 + Level 6.2 Dodging
 + Level 3.3 Stealth
 + Level 0.6 Unarmed Combat
 + Level 0.1 Evocations


You had 12 spell levels left.
You didn't know any spells.

Dungeon Overview and Level Annotations

Branches:
Dungeon (10/15)            Temple (1/1) D:5            Lair (6/6) D:9
  Swamp (0/4) Lair:2        Snake (0/4) Lair:3        Slime (0/5) Lair:5
    Orc (0/2) D:10

Altars:
Ashenzari
Cheibriados
Dithmenos
Elyvilon
Fedhas
Gozag
Hepliaklqana
Kikubaaqudgha
Makhleb
Nemelex Xobeh
Okawaru
Qazlal
Ru
Sif Muna
Trog
Uskayaw
Vehumet
Xom
Yredelemnul
Zin
The Shining One

Shops:
D:8 !:*[:   D:10 *

Annotations:
Lair:1 exclusion: oklob plant


Innate Abilities, Weirdness & Mutations

You are too large for most types of armour.
You have claws for hands.
Your metabolism is lightning-fast.
You like to eat raw meat.
Your natural rate of healing is unusually fast.
You are covered in fur. (AC +1)
You have very tough skin. (AC +2)


Message History

The six-headed hydra bites you!
* * * LOW HITPOINT WARNING * * *
The six-headed hydra bites you.
* * * LOW HITPOINT WARNING * * *
The six-headed hydra bites you.
* * * LOW HITPOINT WARNING * * *
The six-headed hydra bites you.
* * * LOW HITPOINT WARNING * * *
The six-headed hydra bites you.
* * * LOW HITPOINT WARNING * * *
You completely miss the six-headed hydra.
The six-headed hydra is heavily wounded.
You barely miss the six-headed hydra.
The six-headed hydra is heavily wounded.
Your ogre hits the six-headed hydra with a giant club!!
The six-headed hydra bites you!
* * * LOW HITPOINT WARNING * * *
The six-headed hydra closely misses you.
The six-headed hydra bites you!
You die...

...#...P.#....#
........##...##
........#.#.##
......###...## .
...#.## ##..P## .#
...#.# #.#...# ...
.....#
##..######### ..##
..#P##
#.#...##.##.# ....#
..###
##...#..@#.##.P..P#
..#
##.....OD.ยง...P...
..#
###........#...#.
.## ########## ##
.## ..# .## ## #


You could see a six-headed hydra and a friendly ogre (berserk).

Vanquished Creatures
  Gastronok (D:8)
  A hydra (D:10)
  A catoblepas (Lair:6)
  A flayed ghost (D:8)
  Pikel (D:8)
  An ugly thing (D:7)
  2 hill giants
  A necromancer (IceCv)
  Joseph (D:7)
  Maurice (D:8)
  5 spiny frogs
  A torpor snail (Lair:3)
  6 komodo dragons
  10 freezing wraiths (IceCv)
  An efreet (D:9)
  A polar bear (D:9)
  A troll (D:10)
  Grinder (D:5)
  Prince Ribbit (D:8)
  A two-headed ogre (D:10)
  A hornet (Lair:6)
  A blink frog (Lair:5)
  2 dream sheep (Lair:5)
  5 hippogriffs
  Sigmund (D:6)
  4 spriggans (Lair:6)
  A basilisk (Lair:3)
  5 wraiths (D:8)
  3 wyverns
  12 fire bats (D:8)
  20 yaks
  Menkaure (D:4)
  2 hungry ghosts (D:8)
  10 water moccasins
  Duvessa (D:6)
  3 wargs (D:9)
  6 orc warriors
  9 porcupines
  13 ice beasts
  4 sky beasts
  A black bear (Lair:4)
  3 ogres
  A necrophage (D:8)
  17 wolves
  6 centaurs
  16 crocodiles
  A big kobold (D:10)
  14 bullfrogs
  Dowan (D:6)
  4 scorpions
  6 killer bees (D:8)
  5 wights (D:10)
  4 howler monkeys
  3 electric eels
  6 crimson imps
  A centaur zombie (D:5)
  5 draconian simulacra (IceCv)
  8 hounds
  A bullfrog skeleton (D:7)
  2 centaur skeletons
  4 gnoll shamans
  8 jellies
  6 orc priests
  9 orc wizards
  6 worker ants
  4 iguanas
  Natasha (thrice) (D:4)
  3 spriggan simulacra (IceCv)
  4 troll simulacra (IceCv)
  5 centaur simulacra
  Robin (D:3)
  2 hound skeletons
  2 mummies (Ossuary)
  51 gnolls
  A howler monkey skeleton (D:6)
  11 adders
  3 ogre simulacra (IceCv)
  A naga simulacrum (IceCv)
  4 shadow imps
  15 white imps
  An ufetubus (D:9)
  4 oozes
  3 adder skeletons
  An adder zombie (Ossuary)
  2 worms
  A dart slug (D:2)
  2 leopard geckos
  29 orcs
  6 giant cockroaches
  11 goblins
  9 hobgoblins
  21 jackals
  3 quokkas
  A ball python (D:2)
  A ball python skeleton (D:4)
  92 bats
  6 frilled lizards
  5 goblin zombies (Ossuary)
  7 hobgoblin zombies (Ossuary)
  3 jackal zombies
  11 kobolds
  11 kobold zombies (Ossuary)
  A leopard gecko simulacrum (D:9)
  A leopard gecko skeleton (D:4)
  9 orc zombies (Ossuary)
  8 rats
  2 rat zombies (Ossuary)
  3 fungi (Lair:1)
  2 plants
647 creatures vanquished.

Vanquished Creatures (collateral kills)
  2 hydras
  An unseen horror (D:10)
  A rime drake (Lair:4)
  A komodo dragon (Lair:6)
  A red devil (D:9)
  A queen bee (D:8)
  A hornet (Lair:6)
  2 blink frogs (Lair:5)
  4 dream sheep (Lair:5)
  A hippogriff (D:8)
  2 yaks (Lair:4)
  2 basilisks (Lair:6)
  A water moccasin (Lair:6)
  A porcupine (Lair:4)
  2 alligator simulacra (IceCv)
  3 wolves
  An ogre (D:9)
  A centaur (D:9)
  A crocodile (Lair:6)
  A bullfrog (Lair:3)
  8 killer bees (D:8)
  An elephant simulacrum (IceCv)
  2 crimson imps
  A quasit (D:9)
  A worker ant (D:9)
  A polar bear simulacrum (IceCv)
  2 gnolls (D:9)
  3 jackals (D:9)
49 creatures vanquished.

Vanquished Creatures (others)
  4 slaves (D:8)
  A killer bee (D:8)
  4 fungi
9 creatures vanquished.

Grand Total: 705 creatures vanquished

Notes
Turn   | Place    | Note
-------+----------+-------------------------------------------
     0 | D:1      | KrixSyzygy the Troll Berserker began the quest for the Orb.
     0 | D:1      | Reached XP level 1. HP: 22/22 MP: 0/0
   445 | D:1      | Reached XP level 2. HP: 15/29 MP: 1/1
  1022 | D:2      | Found a faded altar of an unknown god.
  1076 | D:2      | Found a stormy altar of Qazlal.
  1078 | D:2      | Found a shadowy altar of Dithmenos.
  1163 | D:2      | Reached XP level 3. HP: 36/36 MP: 2/2
  1621 | D:3      | Reached ** piety under Trog
  1828 | D:3      | Noticed Robin
  1861 | D:3      | Reached XP level 4. HP: 41/44 MP: 3/3
  1873 | D:3      | Killed Robin
  2205 | D:3      | Noticed an ogre
  2209 | D:3      | Reached XP level 5. HP: 52/52 MP: 4/4
  2215 | D:3      | Killed an ogre
  2253 | D:3      | Reached XP level 6. HP: 27/61 MP: 5/5
  2747 | D:3      | Reached *** piety under Trog
  2961 | D:3      | Reached skill level 5 in Axes
  3076 | D:3      | Reached XP level 7. HP: 40/67 MP: 6/6
  3416 | D:3      | Noticed a steam dragon
  4154 | D:4      | Reached skill level 1 in Stealth
  4183 | D:4      | Noticed Natasha
  4189 | D:4      | Killed Natasha
  4259 | D:4      | Noticed Natasha
  4271 | D:4      | Killed Natasha
  4328 | D:4      | Noticed Natasha
  4336 | D:4      | Killed Natasha
  4392 | D:4      | Reached XP level 8. HP: 63/78 MP: 7/7
  4414 | D:4      | Reached **** piety under Trog
  4696 | D:4      | Noticed Menkaure
  4713 | D:4      | Killed Menkaure
  5025 | D:5      | Entered Level 5 of the Dungeon
  5314 | D:5      | Found a white marble altar of Elyvilon.
  5570 | D:5      | Upgraded the game from 0.19.0-9-gfd783f2 to 0.19.0-11-g3fc08b3
  5627 | D:5      | Found a staircase to the Ecumenical Temple.
  5652 | Temple   | Entered the Ecumenical Temple
  5685 | D:5      | Noticed Grinder
  5724 | D:5      | Reached skill level 5 in Dodging
  5780 | D:5      | Killed Grinder
  5780 | D:5      | Reached XP level 9. HP: 80/87 MP: 8/8
  6006 | D:6      | Noticed Sigmund
  6020 | D:6      | Killed Sigmund
  6040 | D:6      | Found a sand-covered staircase.
  6047 | Ossuary  | Entered an ossuary
  6119 | Ossuary  | Reached ***** piety under Trog
  6453 | D:6      | Reached skill level 5 in Fighting
  6658 | D:6      | Received a gift from Trog
  6927 | D:6      | Reached skill level 1 in Polearms
  7189 | D:6      | Noticed Dowan
  7199 | D:6      | Killed Dowan
  7199 | D:6      | Reached skill level 2 in Polearms
  7229 | D:6      | Noticed Duvessa
  7261 | D:6      | Killed Duvessa
  7360 | D:7      | Noticed Joseph
  7483 | D:7      | Got an encrusted hat
  7548 | D:7      | Reached skill level 3 in Polearms
  7719 | D:7      | Found a glowing silver altar of Zin.
  7724 | D:7      | Noticed a brown ugly thing
  7735 | D:7      | Killed a brown ugly thing
  7735 | D:7      | Reached skill level 4 in Polearms
  7735 | D:7      | Reached XP level 10. HP: 98/98 MP: 3/9
  7864 | D:7      | Killed Joseph
  7864 | D:7      | Reached skill level 5 in Polearms
  8187 | D:8      | Found Mioris's Armour Emporium.
  8270 | D:8      | Found Ciecw's Assorted Antiques.
  8297 | D:8      | Found Ymaa's Distillery.
  8315 | D:8      | Bought a potion of curing for 36 gold pieces
  8315 | D:8      | Bought a potion of curing for 36 gold pieces
  8315 | D:8      | Bought a potion of curing for 36 gold pieces
  8407 | D:8      | Reached skill level 6 in Polearms
  8408 | D:8      | Found Fuogiom's Book Shop.
  8408 | D:8      | Noticed Pikel
  8433 | D:8      | Killed Pikel
  8482 | D:8      | Reached skill level 7 in Polearms
  8662 | D:8      | Noticed a hill giant
  8670 | D:8      | Killed a hill giant
  8690 | D:8      | Found a sparkling altar of Nemelex Xobeh.
  8770 | D:8      | Found a shattered altar of Ashenzari.
  8910 | D:8      | Reached skill level 8 in Polearms
  9012 | D:8      | Found a snail-covered altar of Cheibriados.
  9050 | D:8      | Reached XP level 11. HP: 53/107 MP: 3/10
  9052 | D:8      | Received a gift from Trog
  9053 | D:8      | Found a runed door.
  9183 | D:8      | Found a hazy altar of Hepliaklqana.
  9201 | D:8      | Noticed Maurice
  9232 | D:8      | Killed Maurice
  9288 | D:8      | Found a deep blue altar of Sif Muna.
  9320 | D:8      | Found a shimmering altar of Xom.
  9439 | D:8      | Found a stormy altar of Qazlal.
  9510 | D:8      | Noticed a flayed ghost
  9520 | D:8      | Killed a flayed ghost
  9520 | D:8      | Reached skill level 9 in Polearms
  9567 | D:8      | Received a gift from Trog
  9670 | D:8      | Noticed Gastronok
  9687 | D:8      | Killed Gastronok
  9687 | D:8      | Reached skill level 10 in Polearms
  9769 | D:8      | Noticed Prince Ribbit
  9774 | D:8      | Killed Prince Ribbit
  9834 | D:8      | Found Ycoxoh's Book Boutique.
 10295 | D:9      | Reached ****** piety under Trog
 10396 | D:9      | Received a gift from Trog
 10442 | D:9      | Found an ancient bone altar of Kikubaaqudgha.
 10653 | D:9      | Found a staircase to the Lair.
 11125 | D:8      | Reached skill level 11 in Polearms
 11764 | D:9      | Reached XP level 12. HP: 118/118 MP: 3/11
 11905 | D:10     | Entered Level 10 of the Dungeon
 11956 | D:10     | Found Nuofupp's General Store.
 11993 | D:10     | Found a staircase to the Orcish Mines.
 12077 | D:10     | Found a burning altar of Makhleb.
 12144 | D:10     | HP: 5/119 [something (1)]
 12658 | D:10     | Noticed a six-headed hydra
 12875 | D:10     | Killed a six-headed hydra
 12957 | D:10     | Reached skill level 12 in Polearms
 13023 | D:10     | Found a shimmering altar of Xom.
 13135 | Lair:1   | Entered Level 1 of the Lair of Beasts
 13580 | Lair:1   | Received a gift from Trog
 14539 | Lair:2   | Found a stormy altar of Qazlal.
 14903 | Lair:2   | Found a staircase to the Swamp.
 15515 | Lair:3   | Noticed a five-headed hydra
 15533 | Lair:3   | Reached skill level 13 in Polearms
 15652 | Lair:3   | Found a staircase to the Snake Pit.
 15786 | Lair:3   | Identified the Catalogue of Combat Magic
 15903 | Lair:3   | Killed a five-headed hydra
 16557 | Lair:4   | Reached XP level 13. HP: 113/128 MP: 4/12
 17390 | Lair:5   | Found a staircase to the Slime Pits.
 18063 | Lair:5   | Received a gift from Trog
 18093 | Lair:5   | Found a deep blue altar of Sif Muna.
 18332 | Lair:6   | Entered Level 6 of the Lair of Beasts
 18552 | Lair:6   | Found a frozen archway.
 18569 | IceCv    | Entered an ice cave
 18868 | IceCv    | Reached skill level 10 in Fighting
 19182 | IceCv    | Found an ancient bone altar of Kikubaaqudgha.
 20278 | Lair:6   | HP: 6/202 [six-headed hydra (8)]
 20278 | Lair:6   | Slain by a six-headed hydra

Skill      XL: |  1  2  3  4  5  6  7  8  9 10 11 12 13 |
---------------+----------------------------------------+-----
Axes           | 3 4 5 6 7 8 |  8.1
Dodging        | 3 4 5 6 |  6.2
Fighting       | 3 4 6 7 8 10 | 10.5
Stealth        | 1 2 3 |  3.3
Polearms       | 4 8 11 13 | 13.4
Unarmed Combat | |  0.6
Evocations     | |  0.1

Action                   |  1- 3 |  4- 6 |  7- 9 | 10-12 | 13-15 || total
-------------------------+-------+-------+-------+-------+-------++-------
Melee: Hand axe          |   146 |   190 |   574 |       |       ||   910
       Trident           |       |       |   112 |  1270 |   470 ||  1852
       Unarmed           |       |       |     4 |       |       ||     4
       Punch             |       |       |       |     2 |     2 ||     4
Invok: Berserk           |     3 |     4 |    13 |    15 |     9 ||    44
       Burn Spellbooks   |       |       |       |     5 |     6 ||    11
       Brothers in Arms  |       |       |       |     9 |     8 ||    17
       Trog's Hand       |       |       |       |       |     1 ||     1
Evoke: Wand              |       |       |       |       |     5 ||     5
  Use: Scroll            |     6 |     1 |    13 |    13 |     5 ||    38
       Potion            |       |     1 |     3 |    11 |     5 ||    20
 Stab: Sleeping          |     1 |       |    15 |    12 |     3 ||    31
       Distracted        |       |       |     2 |     1 |     2 ||     5
       Confused          |       |       |     1 |       |       ||     1
  Eat: Chunk             |    19 |    11 |    52 |   109 |    24 ||   215
       Bread ration      |     1 |       |       |       |     4 ||     5
       Fruit             |     1 |       |       |       |       ||     1
       Royal jelly       |       |       |     1 |     1 |       ||     2
       Pizza             |       |       |     1 |     2 |     1 ||     4
Armor: Animal skin       |    55 |    45 |   146 |   310 |    50 ||   606
Dodge: Dodged            |    98 |   140 |   314 |   612 |   111 ||  1275
